 Dungeon Crawl Stone Soup version 0.25.0-9-g26727b657a (webtiles) character file.

Game seed: 3226842902966712510

3371 nikku the Thaumaturge (level 9, -3/45 HPs)
             Began as a Deep Elf Conjurer on June 18, 2020.
             Was a Priest of Dithmenos.
             Slain by Harold
             ... wielding a +4 war axe of freezing
              (17 damage)
             ... on level 8 of the Dungeon.
             The game lasted 00:26:14 (9306 turns).

nikku the Thaumaturge (Deep Elf Conjurer)           Turns: 9306, Time: 00:26:15

Health: -3/45      AC:  7    Str:  6    XL:     9   Next: 73%
Magic:  19/25      EV: 13    Int: 23    God:    Dithmenos [***...]
Gold:   376        SH:  7    Dex: 21    Spells: 17/28 levels left

rFire    . . .     SeeInvis .   o - +2 whip (elec)
rCold    + . .     Gourm    .   t - +1 buckler
rNeg     . . .     Faith    +   a - +0 robe
rPois    .         Spirit   .   w - +1 helmet of Limitation {+Inv MR+ rCorr}
rElec    .         Reflect  .   s - +2 cloak {rCorr}
rCorr    +         Harm     .   (no gloves)
MR       +....                  (no boots)
Stlth    +++.......             b - amulet of faith
HPRegen  0.15/turn              k - ring of protection from cold
MPRegen  0.19/turn              q - +6 ring of dexterity

@: wreathed by umbra
A: no striking features
a: Shadow Step, Renounce Religion, Evoke Invisibility


You were on level 8 of the Dungeon.
You worshipped Dithmenos.
Dithmenos was most pleased with you.
You were not hungry.

You visited 1 branch of the dungeon, and saw 8 of its levels.

You collected 376 gold pieces.

Inventory:

Hand Weapons
 o - a +2 whip of electrocution (weapon)
 r - a +5 quarterstaff of chaos
Missiles
 v - 14 poisoned darts (quivered)
 y - 6 javelins
Armour
 a - a +0 robe (worn)
 s - a +2 cloak of preservation (worn)
 t - a +1 buckler (worn)
 w - the +1 helmet of Limitation (worn) {+Inv MR+ rCorr}
   (You found it on level 6 of the Dungeon)

   It affects your resistance to hostile enchantments.
   It lets you turn invisible.
   It provides partial protection from all sources of acid and corrosion.
Magical Staves
 x - an uncursed staff of air
Jewellery
 b - an amulet of faith (around neck)
 k - a ring of protection from cold (left hand)
 q - a +6 ring of dexterity (right hand)
Wands
 f - a wand of random effects (15)
 j - a wand of polymorph (7)
 p - a wand of iceblast (17)
 u - a wand of acid (7)
Scrolls
 e - 2 scrolls of remove curse
 h - a scroll of teleportation
 i - 2 scrolls of enchant weapon
Potions
 d - 3 potions of flight
 g - a potion of lignification
 l - 3 potions of curing
 m - a potion of haste
 z - a potion of resistance
Comestibles
 c - 4 rations


   Skills:
 - Level 2.4 Dodging
 - Level 2.4 Stealth
 + Level 3.1 Shields
 + Level 10.1 Spellcasting
 + Level 8.1 Conjurations
 + Level 8.3 Hexes
 + Level 6.9 Translocations


You had 17 spell levels left.
You knew the following spells:

 Your Spells              Type           Power        Failure   Level  Hunger
a - Magic Dart            Conj           ####         1%          1    None
b - Searing Ray           Conj           #####.       1%          2    None
c - Fulminant Prism       Conj/Hex       #####.....   2%          4    #......
d - Iskenderun's Mystic   Conj/Tloc      #####...     2%          4    #......

Your spell library contained the following spells:

 Spells                   Type           Power        Failure   Level  Hunger
 Apportation              Tloc           #####.       1%          1    None
 Corona                   Hex            #####..      1%          1    None
 Dazzling Flash           Conj/Hex       #####.       1%          3    None
 Animate Skeleton         Necr           N/A          6%          1    None
 Pain                     Necr           ##..         6%          1    None
 Summon Small Mammal      Summ           ##..         6%          1    None
 Vampiric Draining        Necr           ##........   19%         3    None
 Animate Dead             Necr           N/A          52%         4    #......
 Agony                    Necr           ##......     86%         5    ####...


Dungeon Overview and Level Annotations

Branches:
Dungeon (8/15)             Temple (0/1) D:7
   Lair: D:8-11

Altars:
Ashenzari
Dithmenos
Elyvilon
Gozag
Hepliaklqana
Kikubaaqudgha
Okawaru
Ru
Uskayaw
Vehumet
Zin
The Shining One

Portals:
Abyss: D:5

Annotations:
D:5 2 transporters, Nebesus's ghost, novice DsAK
D:6 1 runed translucent door, Wanze's ghost, novice GrBe
D:7 exclusion: downstairs
D:8 Harold; Maggie; Maurice


Message History

Harold throws a throwing net.
The throwing net hits you.
You become entangled in the net!
An orc priest comes into view. It is wielding a +0 mace.
Casting: Magic Dart (safe; 1% risk of failure)
Confirm with . or Enter, or press ? or * to list all spells.
Aiming: Magic Dart (safe; 1% risk of failure)
Press: ? - help, Shift-Dir - straight line, f/p - howler monkey
Aim: a howler monkey (lightly wounded, catching its breath, umbra)
The magic dart hits the howler monkey.
The howler monkey is moderately wounded.
You struggle against the net.
The orc priest calls down the wrath of Beogh upon you.
Beogh smites you! Harold fires a harpoon shot at you.
The harpoon shot hits you!
You are yanked forward by the harpoon shot.
The howler monkey hoots and howls with incredible vigour!
Harold grumbles, "Just give up already, I want to go home!"
Harold hits you with a +4 war axe of freezing!
You die...

####### ##.....#
#......# #....÷)###
#....<...#
#####.....)..#
#..@...÷..h..#
#...@#......)..
.........#####o.....
.#####.#.# ..##.#
<...# ... . #.. ..
o.## #.. ### #.. #..


You could see Harold and a howler monkey (catching breath).

Vanquished Creatures
  Prince Ribbit (D:6)
  A hippogriff (D:8)
  Sigmund (D:5)
  Menkaure (D:5)
  Duvessa (D:6)
  5 phantoms
  An ice beast (D:4)
  A slave (D:8)
  An ogre (D:8)
  2 sky beasts
  Blork the orc (D:5)
  4 bullfrogs
  Dowan (D:6)
  3 killer bees (D:4)
  4 wights
  6 howler monkeys
  7 crimson imps
  4 hounds
  Crazy Yiuf (D:2)
  2 jellies
  2 orc priests
  Jessica (D:3)
  A centaur skeleton (D:4)
  An orc wizard (D:7)
  An iguana (D:5)
  3 worker ants
  2 hound skeletons (D:5)
  4 gnolls (D:2)
  8 adders
  An ooze (D:5)
  An adder zombie (D:8)
  An adder skeleton (D:7)
  A worm (D:4)
  3 dart slugs (D:1)
  4 leopard geckos
  27 orcs
  5 giant cockroaches
  5 goblins
  4 hobgoblins
  19 jackals
  A kobold (D:2)
  6 quokkas
  A ball python (D:4)
  A ball python skeleton (D:5)
  5 bats
  7 frilled lizards
  A jackal zombie (D:6)
  A leopard gecko skeleton (D:7)
  A leopard gecko zombie (D:5)
  2 quokka zombies
  6 rats
174 creatures vanquished.

Vanquished Creatures (others)
  11 fulminant prisms
11 creatures vanquished.

Grand Total: 185 creatures vanquished

Notes
Turn   | Place    | Note
-------+----------+-------------------------------------------
     0 | D:1      | nikku the Deep Elf Conjurer began the quest for the Orb.
     0 | D:1      | Reached XP level 1. HP: 10/10 MP: 6/6
   319 | D:1      | Reached XP level 2. HP: 15/15 MP: 2/8
   768 | D:1      | Learned a level 2 spell: Searing Ray
  1065 | D:1      | Learned a level 2 spell: Searing Ray
  1147 | D:2      | Reached skill level 4 in Spellcasting
  1147 | D:2      | Reached skill level 5 in Conjurations
  1147 | D:2      | Reached XP level 3. HP: 19/19 MP: 4/10
  1381 | D:2      | Reached XP level 4. HP: 24/24 MP: 7/12
  1556 | D:2      | Found a runed translucent door.
  1557 | D:2      | Noticed Crazy Yiuf
  1567 | D:2      | Killed Crazy Yiuf
  1567 | D:2      | Reached skill level 5 in Spellcasting
  1814 | D:2      | Found a faded altar of an unknown god.
  2067 | D:2      | Found a white marble altar of Elyvilon.
  2257 | D:3      | Found a shadowy altar of Dithmenos.
  2268 | D:3      | Became a worshipper of Dithmenos the Shadowed
  2346 | D:3      | Noticed Jessica
  2349 | D:3      | Killed Jessica
  2349 | D:3      | Reached XP level 5. HP: 27/28 MP: 11/15
  2355 | D:3      | Learned a level 4 spell: Fulminant Prism
  2360 | D:3      | Learned a level 4 spell: Iskenderun's Mystic Blast
  3061 | D:3      | Reached skill level 1 in Hexes
  3323 | D:4      | Reached skill level 1 in Translocations
  3349 | D:4      | Noticed an ice beast
  3353 | D:4      | Noticed a phantom
  3357 | D:4      | Killed an ice beast
  3357 | D:4      | Reached skill level 6 in Spellcasting
  3357 | D:4      | Reached XP level 6. HP: 32/32 MP: 9/17
  3738 | D:4      | Found a hazy altar of Hepliaklqana.
  3952 | D:4      | Found a radiant altar of Vehumet.
  3966 | D:4      | Reached * piety under Dithmenos
  3966 | D:4      | Reached XP level 7. HP: 31/36 MP: 11/19
  4282 | D:4      | Reached skill level 7 in Spellcasting
  4741 | D:4      | Found a sacrificial altar of Ru.
  4741 | D:4      | Found an iron altar of Okawaru.
  4742 | D:4      | Found a shattered altar of Ashenzari.
  4744 | D:4      | Found an opulent altar of Gozag.
  4746 | D:4      | Found an ancient bone altar of Kikubaaqudgha.
  4970 | D:5      | Entered Level 5 of the Dungeon
  5051 | D:5      | Noticed Blork the orc
  5054 | D:5      | Killed Blork the orc
  5368 | D:5      | Reached skill level 5 in Hexes
  5438 | D:5      | Got an ichor-stained leather armour
  5449 | D:5      | Identified the +1 leather armour of Dogma {-Cast Harm rPois
                  | rCorr} (You found it on level 5 of the Dungeon)
  5499 | D:5      | Reached XP level 8. HP: 41/41 MP: 15/21
  5544 | D:5      | Noticed Sigmund
  5559 | D:5      | Killed Sigmund
  5559 | D:5      | Reached skill level 8 in Spellcasting
  5929 | D:5      | Reached ** piety under Dithmenos
  6010 | D:5      | Found a glowing golden altar of the Shining One.
  6154 | D:5      | Noticed a toenail golem
  6268 | D:5      | Found a transporter.
  6274 | D:5      | Found a one-way gate to the infinite horrors of the Abyss.
  6274 | D:5      | Noticed Nebesus's ghost (novice DsAK)
  6275 | D:5      | Noticed Menkaure
  6279 | D:5      | Killed Menkaure
  6279 | D:5      | Reached skill level 5 in Translocations
  6440 | D:5      | Found a transporter.
  6738 | D:6      | Got a jewelled helmet
  6749 | D:6      | Identified the +1 helmet of Limitation {+Inv MR+ rCorr}
                  | (You found it on level 6 of the Dungeon)
  7003 | D:6      | Found a runed translucent door.
  7018 | D:6      | Noticed Duvessa
  7023 | D:6      | Noticed Dowan
  7026 | D:6      | Killed Duvessa
  7026 | D:6      | Reached skill level 1 in Shields
  7026 | D:6      | Reached skill level 9 in Spellcasting
  7035 | D:6      | Killed Dowan
  7302 | D:6      | Reached XP level 9. HP: 45/45 MP: 11/24
  7307 | D:6      | Reached *** piety under Dithmenos
  7475 | D:6      | Found a hide-covered altar of Uskayaw.
  7475 | D:6      | Noticed Prince Ribbit
  7484 | D:6      | Killed Prince Ribbit
  7587 | D:6      | Found a glowing silver altar of Zin.
  7905 | D:6      | Noticed Wanze's ghost (novice GrBe)
  8005 | D:7      | Found a staircase to the Ecumenical Temple.
  8615 | D:7      | Found a glowing silver altar of Zin.
  9014 | D:8      | Noticed Maurice
  9025 | D:8      | Noticed Maggie
  9065 | D:8      | Reached skill level 10 in Spellcasting
  9302 | D:8      | Noticed Harold
  9306 | D:8      | Slain by Harold

Illustrated notes

Levels and vault maps discovered:
D:1:      minmay_arrival_jagged, layout_basic
D:2:      layout_loops_ring, lemuel_doored_altar,
          chequers_ecumenical_altar_island, uniq_crazy_yiuf_cottage
D:3:      layout_basic, nicolae_dithmenos_shadow_blocks, first_ration,
          uniq_jessica
D:4:      layout_basic, vehumet_crystals, kennysheep_mini_moat, minitemple
D:5:      layout_basic, tso_oasis_becter, gammafunk_ghost_abyssal_escape,
          uniq_blork_the_orc, uniq_menkaure, uniq_sigmund
D:6:      layout_gridville, eat_drink_and_be_merry_uskayaw, basic_altar,
          ebering_ghost_reflecting_pool, uniq_duvessa, uniq_prince_ribbit1
D:7:      layout_basic, zin_statuary, temple_fountains
D:8:      layout_basic, uniq_pikel, uniq_maurice, uniq_maggie, uniq_harold

Skill      XL: |  1  2  3  4  5  6  7  8  9 |
---------------+----------------------------+-----
Spellcasting   | 4 5 6 7 9 10 | 10.1
Conjurations   | 5 6 7 8 |  8.1
Hexes          | 2 3 5 7 8 |  8.3
Translocations | 2 3 4 5 6 |  6.9
Shields        | 1 3 |  3.1
Dodging        | |  2.4
Stealth        | |  2.4

Action                   |  1- 3 |  4- 6 |  7- 9 || total
-------------------------+-------+-------+-------++-------
Melee: Quarterstaff      |       |     1 |       ||     1
       Whip              |       |       |    10 ||    10
Throw: Dart              |       |       |     3 ||     3
 Cast: Magic Dart        |    48 |    56 |   248 ||   352
       Searing Ray       |     3 |    18 |    34 ||    55
       Iskenderun's Myst |       |       |     9 ||     9
       Fulminant Prism   |       |       |    11 ||    11
  Use: Scroll            |     7 |     4 |    11 ||    22
       Potion            |       |       |     1 ||     1
  Eat: Chunk             |     1 |     8 |    10 ||    19
       Ration            |       |       |     2 ||     2
Armor: Robe              |     1 |     9 |    12 ||    22
Dodge: Dodged            |     6 |    10 |    43 ||    59
Block: Buckler           |       |       |     7 ||     7
